TOP OF THE 1ST |
New Jersey Devils batting - Pitching for Paris Cubs : LHP Tom Mooney
|
Pitching: LHP Tom Mooney
|
|
Batting: SHB Tyler Maddux
|
0-0: Ball 1-0: Ball 2-0: Called Strike 2-1: Ball 3-1: Foul Ball, location: 2F 3-2: Base on Balls
|
Batting: RHB Larry Shoop
|
0-0: Ball Passed Ball! Tyler Maddux to second 1-0: Called Strike 1-1: Swinging Strike 1-2: Foul Ball, location: 2F 1-2: Ball 2-2: Ball 3-2: Foul Ball, location: 2F 3-2: Base on Balls
|
Batting: RHB Dan Muse
|
0-0: Fielders Choice at 2nd, 6-4 (Groundball, 6, EV 101.9 MPH) Tyler Maddux to third
|
Batting: LHB Tony Leyba
|
0-0: Called Strike 0-1: Called Strike 0-2: Ball 1-2: Strikes out looking
|
Batting: RHB Oscar Bravo
|
0-0: Called Strike 0-1: Foul Ball, location: 2F 0-2: Ball 1-2: Ball 2-2: Strikes out swinging
|
Top of the 1st over - 0 runs, 0 hits, 0 errors, 2 left on base; New Jersey 0 - Paris 0 |
BOTTOM OF THE 1ST |
Paris Cubs batting - Pitching for New Jersey Devils : LHP Nestor Donato
|
Pitching: LHP Nestor Donato
|
|
Batting: RHB Eric Wiss
|
0-0: Ball 1-0: Ground out 6-3 (Groundball, 6, EV 79.4 MPH)
|
Batting: RHB Adrian Cox
|
0-0: Ball 1-0: Called Strike 1-1: Foul Ball, location: 2F 1-2: Ground out U3 (Groundball, 34, EV 83.8 MPH)
|
Batting: RHB Roy Battist
|
0-0: Called Strike 0-1: Swinging Strike 0-2: Foul Ball, location: 2F 0-2: Strikes out swinging
|
Bottom of the 1st over - 0 runs, 0 hits, 0 errors, 0 left on base; New Jersey 0 - Paris 0 |
TOP OF THE 2ND |
New Jersey Devils batting - Pitching for Paris Cubs : LHP Tom Mooney
|
Batting: LHB Miguel Ramos
|
0-0: Called Strike 0-1: Ball 1-1: DOUBLE (Line Drive, 7LM, EV 101.2 MPH)
|
Batting: LHB Matt Baker
|
0-0: Called Strike 0-1: Ball 1-1: Foul Ball, location: 2F 1-2: Fly out, F6 (Popup, 6, EV 63.1 MPH)
|
Batting: RHB Jim Freels
|
0-0: Ground out 6-3 (Groundball, 6, EV 85.0 MPH)
|
Batting: RHB Chris Graham
|
0-0: Ball 1-0: Called Strike 1-1: Called Strike 1-2: Foul Ball, location: 2F 1-2: Ball 2-2: Foul Ball, location: 2F 2-2: Ball 3-2: Base on Balls
|
Batting: SHB Tyler Maddux
|
0-0: Ball 1-0: Foul Ball, location: 2F 1-1: Swinging Strike 1-2: Ball 2-2: Ball 3-2: Base on Balls Miguel Ramos to third Chris Graham to second
|
Batting: RHB Larry Shoop
|
0-0: Ball 1-0: Foul Ball, location: 2F 1-1: Foul Ball, location: 2F 1-2: Ball 2-2: DOUBLE (Line Drive, 78M, EV 90.0 MPH) Miguel Ramos scores Chris Graham scores Tyler Maddux to third
|
Batting: RHB Dan Muse
|
0-0: Called Strike 0-1: Ball 1-1: Foul Ball, location: 2F 1-2: Fly out, F9 (Flyball, 9LM, EV 98.8 MPH)
|
Top of the 2nd over - 2 runs, 2 hits, 0 errors, 2 left on base; New Jersey 2 - Paris 0 |
BOTTOM OF THE 2ND |
Paris Cubs batting - Pitching for New Jersey Devils : LHP Nestor Donato
|
Batting: RHB Mike Hill
|
0-0: Ball 1-0: Ground out 5-3 (Groundball, 56, EV 87.5 MPH)
|
Batting: RHB Jose Mata
|
0-0: Swinging Strike 0-1: Called Strike 0-2: Foul Ball, location: 2F 0-2: Ball 1-2: Ball 2-2: Ball 3-2: Fly out, F7 (Flyball, 7D, EV 101.2 MPH)
|
Batting: RHB Roberto Cruz
|
0-0: Foul Ball, location: 2F 0-1: Swinging Strike 0-2: Foul Ball, location: 2F 0-2: Ground out 5-3 (Groundball, 56, EV 111.2 MPH)
|
Bottom of the 2nd over - 0 runs, 0 hits, 0 errors, 0 left on base; New Jersey 2 - Paris 0 |
TOP OF THE 3RD |
New Jersey Devils batting - Pitching for Paris Cubs : LHP Tom Mooney
|
Batting: LHB Tony Leyba
|
0-0: SOLO HOME RUN (Flyball, 8RXD, EV 115.0 MPH), Distance : 445 ft
|
Batting: RHB Oscar Bravo
|
0-0: Swinging Strike 0-1: Ball 1-1: Ball 2-1: Ground out 5-3 (Groundball, 5, EV 90.0 MPH)
|
Batting: LHB Miguel Ramos
|
0-0: DOUBLE (Flyball, 8LXD, EV 93.1 MPH)
|
Batting: LHB Matt Baker
|
0-0: Swinging Strike 0-1: Swinging Strike 0-2: Ball 1-2: Strikes out swinging
|
Batting: RHB Jim Freels
|
0-0: Called Strike 0-1: Ball Wild Pitch! Miguel Ramos to third 1-1: Called Strike 1-2: Foul Ball, location: 2F 1-2: Strikes out swinging
|
Top of the 3rd over - 1 run, 2 hits, 0 errors, 1 left on base; New Jersey 3 - Paris 0 |
BOTTOM OF THE 3RD |
Paris Cubs batting - Pitching for New Jersey Devils : LHP Nestor Donato
|
Batting: RHB Ricardo Saucedo
|
0-0: Ball 1-0: Swinging Strike 1-1: Foul Ball, location: 2F 1-2: Ball 2-2: Ball 3-2: Strikes out looking
|
Batting: LHB Velimir Sljivancanin
|
0-0: Swinging Strike 0-1: Foul Ball, location: 2F 0-2: Ball 1-2: Foul Ball, location: 2F 1-2: Ball 2-2: Foul Ball, location: 2F 2-2: Strikes out looking
|
Batting: RHB Bogdan Sdobnyakov
|
0-0: Swinging Strike 0-1: Ball 1-1: Foul Ball, location: 2F 1-2: Foul Ball, location: 2F 1-2: Strikes out looking
|
Bottom of the 3rd over - 0 runs, 0 hits, 0 errors, 0 left on base; New Jersey 3 - Paris 0 |
TOP OF THE 4TH |
New Jersey Devils batting - Pitching for Paris Cubs : LHP Tom Mooney
|
Batting: RHB Chris Graham
|
0-0: Ball 1-0: Swinging Strike 1-1: Ball 2-1: Foul Ball, location: 2F 2-2: Ball 3-2: Foul Ball, location: 2F 3-2: Foul Ball, location: 2F 3-2: Foul Ball, location: 2F 3-2: Base on Balls
|
Batting: SHB Tyler Maddux
|
0-0: Called Strike 0-1: Swinging Strike 0-2: Strikes out swinging
|
Batting: RHB Larry Shoop
|
0-0: Called Strike 0-1: Ball 1-1: Ball Chris Graham is caught stealing 2nd base 2-4 2-1: SINGLE (Groundball, 6MS, EV 73.1 MPH) (infield hit)
|
Batting: RHB Dan Muse
|
0-0: Foul Ball, location: 2F 0-1: Swinging Strike 0-2: Strikes out looking
|
Top of the 4th over - 0 runs, 1 hit, 0 errors, 1 left on base; New Jersey 3 - Paris 0 |
BOTTOM OF THE 4TH |
Paris Cubs batting - Pitching for New Jersey Devils : LHP Nestor Donato
|
Batting: RHB Eric Wiss
|
0-0: Ball 1-0: Called Strike 1-1: Ball 2-1: Swinging Strike 2-2: Foul Ball, location: 2F 2-2: Hit by Pitch
|
Batting: RHB Adrian Cox
|
0-0: Ball 1-0: Called Strike Eric Wiss steals 2nd base 1-1: Ball 2-1: Ball 3-1: Ground out 4-3 (Groundball, 4, EV 83.1 MPH) Eric Wiss to third
|
Batting: RHB Roy Battist
|
0-0: Ball 1-0: Foul Ball, location: 2F 1-1: Ball 2-1: Ball 3-1: SINGLE (Line Drive, 9S, EV 106.9 MPH) Eric Wiss scores
|
Batting: RHB Mike Hill
|
0-0: Swinging Strike 0-1: Ball 1-1: Called Strike 1-2: Ball 2-2: Foul Ball, location: 2F 2-2: SINGLE (Line Drive, 4MD, EV 101.9 MPH) Roy Battist to second
|
Batting: RHB Jose Mata
|
0-0: Called Strike 0-1: Called Strike 0-2: Strikes out swinging
|
Batting: RHB Roberto Cruz
|
0-0: Ball 1-0: Called Strike 1-1: Fly out, F3 (Popup, 3F, EV 80.6 MPH)
|
Bottom of the 4th over - 1 run, 2 hits, 0 errors, 2 left on base; New Jersey 3 - Paris 1 |
TOP OF THE 5TH |
New Jersey Devils batting - Pitching for Paris Cubs : LHP Tom Mooney
|
Batting: LHB Tony Leyba
|
0-0: Ball 1-0: Ball 2-0: Ball 3-0: SINGLE (Groundball, 3D, EV 95.0 MPH)
|
Batting: RHB Oscar Bravo
|
0-0: Ball 1-0: Called Strike 1-1: SINGLE (Groundball, 56, EV 103.8 MPH) Tony Leyba to second
|
Batting: LHB Miguel Ramos
|
0-0: Ball 1-0: Called Strike 1-1: Ball 2-1: Foul Ball, location: 2F 2-2: SINGLE (Line Drive, 34D, EV 100.0 MPH) Tony Leyba to third Oscar Bravo to second Throwing error, E9 Tony Leyba scores Oscar Bravo to third Miguel Ramos to second
|
Batting: LHB Matt Baker
|
0-0: Ground out 4-3 (Groundball, 4S, EV 68.8 MPH)
|
Batting: RHB Jim Freels
|
0-0: Ball 1-0: Ground out 6-3 (Groundball, 6, EV 91.2 MPH)
|
Batting: RHB Chris Graham
|
0-0: Ball 1-0: Swinging Strike 1-1: Ball Passed Ball! Oscar Bravo scores Miguel Ramos to third 2-1: Foul Ball, location: 2F 2-2: Ball 3-2: Foul Ball, location: 2F 3-2: Ground out 5-3 (Groundball, 15, EV 95.6 MPH)
|
Top of the 5th over - 2 runs, 3 hits, 1 error, 1 left on base; New Jersey 5 - Paris 1 |
BOTTOM OF THE 5TH |
Paris Cubs batting - Pitching for New Jersey Devils : LHP Nestor Donato
|
Batting: RHB Ricardo Saucedo
|
0-0: Ball 1-0: Ball 2-0: Fly out, F8 (Flyball, 8LD, EV 101.2 MPH)
|
Batting: LHB Velimir Sljivancanin
|
0-0: Ball 1-0: Called Strike 1-1: Ball 2-1: Called Strike 2-2: Strikes out swinging
|
Batting: RHB Bogdan Sdobnyakov
|
0-0: Swinging Strike 0-1: Foul Ball, location: 2F 0-2: Foul Ball, location: 2F 0-2: Ball 1-2: Strikes out looking
|
Bottom of the 5th over - 0 runs, 0 hits, 0 errors, 0 left on base; New Jersey 5 - Paris 1 |
TOP OF THE 6TH |
New Jersey Devils batting - Pitching for Paris Cubs : LHP Tom Mooney
|
Batting: SHB Tyler Maddux
|
0-0: Fly out, F8 (Flyball, 8LXD, EV 96.9 MPH)
|
Batting: RHB Larry Shoop
|
0-0: Called Strike 0-1: Fly out, F9 (Flyball, 9, EV 91.2 MPH)
|
Batting: RHB Dan Muse
|
0-0: Foul Ball, location: 2F 0-1: Ball 1-1: Ball 2-1: Ball 3-1: Base on Balls
|
Batting: LHB Tony Leyba
|
0-0: Foul Ball, location: 2F 0-1: Ball 1-1: Ball 2-1: Foul Ball, location: 2F 2-2: Ball Dan Muse steals 2nd base 3-2: Base on Balls
|
Batting: RHB Oscar Bravo
|
0-0: Called Strike 0-1: Ball 1-1: Foul Ball, location: 2F 1-2: Strikes out swinging
|
Top of the 6th over - 0 runs, 0 hits, 0 errors, 2 left on base; New Jersey 5 - Paris 1 |
BOTTOM OF THE 6TH |
Paris Cubs batting - Pitching for New Jersey Devils : LHP Nestor Donato
|
Batting: RHB Eric Wiss
|
0-0: Ball 1-0: Called Strike 1-1: Ball 2-1: Foul Ball, location: 2F 2-2: Foul Ball, location: 2F 2-2: Ball 3-2: Strikes out swinging
|
Batting: RHB Adrian Cox
|
0-0: Ball 1-0: Foul Ball, location: 2F 1-1: Called Strike 1-2: Ball 2-2: Foul Ball, location: 2F 2-2: Ball 3-2: SOLO HOME RUN (Flyball, 78XD, EV 104.4 MPH), Distance : 441 ft
|
Batting: RHB Roy Battist
|
0-0: Ball 1-0: Foul Ball, location: 2F 1-1: Foul Ball, location: 2F 1-2: Ball 2-2: Foul Ball, location: 2F 2-2: Ground out 5-3 (Groundball, 56, EV 105.0 MPH)
|
Batting: RHB Mike Hill
|
0-0: Called Strike 0-1: Ball 1-1: Swinging Strike 1-2: Strikes out swinging
|
Bottom of the 6th over - 1 run, 1 hit, 0 errors, 0 left on base; New Jersey 5 - Paris 2 |
TOP OF THE 7TH |
New Jersey Devils batting - Pitching for Paris Cubs : LHP Tom Mooney
|
Batting: LHB Miguel Ramos
|
0-0: Called Strike 0-1: Ball 1-1: Foul Ball, location: 2F 1-2: Foul Ball, location: 2F 1-2: Foul Ball, location: 2F 1-2: Ball 2-2: Foul Ball, location: 2F 2-2: Ground out 4-3 (Groundball, 4, EV 101.2 MPH)
|
Batting: LHB Matt Baker
|
0-0: Ball 1-0: Ball 2-0: Called Strike 2-1: Ball 3-1: Base on Balls
|
Batting: RHB Jim Freels
|
0-0: Called Strike 0-1: Ball 1-1: Ball 2-1: Ball Passed Ball! Matt Baker to second 3-1: Base on Balls
|
Batting: RHB Chris Graham
|
0-0: Called Strike 0-1: Called Strike 0-2: Strikes out swinging
|
Batting: SHB Tyler Maddux
|
0-0: 3-RUN HOME RUN (Flyball, 9D, EV 95.6 MPH), Distance : 376 ft
|
Batting: RHB Larry Shoop
|
0-0: Swinging Strike 0-1: Called Strike 0-2: Ground out 5-3 (Groundball, 15, EV 83.1 MPH)
|
Top of the 7th over - 3 runs, 1 hit, 0 errors, 0 left on base; New Jersey 8 - Paris 2 |
BOTTOM OF THE 7TH |
Paris Cubs batting - Pitching for New Jersey Devils : LHP Nestor Donato
|
Pitching: LHP Jesus Espitia
|
|
Batting: RHB Jose Mata
|
0-0: Called Strike 0-1: Ball 1-1: Ball 2-1: Ground out 4-3 (Groundball, 4, EV 103.1 MPH)
|
Batting: RHB Roberto Cruz
|
0-0: Foul Ball, location: 2F 0-1: Foul Ball, location: 2F 0-2: Ball 1-2: Ball 2-2: Foul Ball, location: 2F 2-2: Fly out, F3 (Line Drive, 3, EV 70.6 MPH)
|
Batting: RHB Ricardo Saucedo
|
0-0: Called Strike 0-1: Ground out 5-3 (Groundball, 5S, EV 64.4 MPH)
|
Bottom of the 7th over - 0 runs, 0 hits, 0 errors, 0 left on base; New Jersey 8 - Paris 2 |
TOP OF THE 8TH |
New Jersey Devils batting - Pitching for Paris Cubs : LHP Tom Mooney
|
Batting: RHB Dan Muse
|
0-0: Foul Ball, location: 2F 0-1: Ball 1-1: Foul Ball, location: 2F 1-2: Foul Ball, location: 2F 1-2: Ball 2-2: Ball 3-2: Ground out U3 (Groundball, 34, EV 90.0 MPH)
|
Batting: LHB Tony Leyba
|
0-0: Ball 1-0: Ball 2-0: Swinging Strike 2-1: Called Strike 2-2: Foul Ball, location: 2F 2-2: Foul Ball, location: 2F 2-2: Strikes out swinging
|
Batting: RHB Oscar Bravo
|
0-0: Swinging Strike 0-1: Ball 1-1: Ground out 5-3 (Groundball, 56, EV 83.8 MPH)
|
Top of the 8th over - 0 runs, 0 hits, 0 errors, 0 left on base; New Jersey 8 - Paris 2 |
BOTTOM OF THE 8TH |
Paris Cubs batting - Pitching for New Jersey Devils : LHP Jesus Espitia
|
Batting: LHB Velimir Sljivancanin
|
0-0: Ball 1-0: Ball 2-0: Ball 3-0: Called Strike 3-1: Swinging Strike 3-2: Fly out, F7 (Flyball, 7S, EV 81.2 MPH)
|
Batting: RHB Bogdan Sdobnyakov
|
0-0: Called Strike 0-1: Foul Ball, location: 2F 0-2: DOUBLE (Line Drive, 78D, EV 100.0 MPH)
|
Batting: RHB Eric Wiss
|
0-0: Ball 1-0: 2-RUN HOME RUN (Flyball, 7LD, EV 99.4 MPH), Distance : 368 ft
|
Batting: RHB Adrian Cox
|
0-0: Ball 1-0: Ball 2-0: Ground out U3 (Groundball, 23, EV 81.2 MPH)
|
Batting: RHB Roy Battist
|
0-0: Ball 1-0: Swinging Strike 1-1: Foul Ball, location: 2F 1-2: Ball 2-2: Strikes out swinging
|
Bottom of the 8th over - 2 runs, 2 hits, 0 errors, 0 left on base; New Jersey 8 - Paris 4 |
TOP OF THE 9TH |
New Jersey Devils batting - Pitching for Paris Cubs : LHP Tom Mooney
|
Batting: LHB Miguel Ramos
|
0-0: Foul Ball, location: 2F 0-1: Swinging Strike 0-2: Strikes out swinging
|
Batting: LHB Matt Baker
|
0-0: Called Strike 0-1: Called Strike 0-2: Ball 1-2: Strikes out looking
|
Batting: RHB Jim Freels
|
0-0: Called Strike 0-1: Foul Ball, location: 2F 0-2: Ball 1-2: SINGLE (Flyball, 3D, EV 93.1 MPH)
|
Batting: RHB Chris Graham
|
0-0: Swinging Strike 0-1: SINGLE (Line Drive, 8LS, EV 111.2 MPH) Jim Freels to second Runner from 2nd tries for 3rd, SAFE, no throw by CF
|
Batting: SHB Tyler Maddux
|
0-0: Ball 1-0: Ball 2-0: SINGLE (Groundball, 56D, EV 95.6 MPH) Jim Freels scores Chris Graham to second
|
Batting: RHB Larry Shoop
|
0-0: Ball 1-0: Ground out U3 (Groundball, 3, EV 90.0 MPH)
|
Top of the 9th over - 1 run, 3 hits, 0 errors, 2 left on base; New Jersey 9 - Paris 4 |
BOTTOM OF THE 9TH |
Paris Cubs batting - Pitching for New Jersey Devils : LHP Jesus Espitia
|
Batting: RHB Mike Hill
|
0-0: Ball 1-0: Foul Ball, location: 2F 1-1: Fly out, F9 (Flyball, 9LM, EV 100.0 MPH)
|
Batting: RHB Jose Mata
|
0-0: Called Strike 0-1: Ball 1-1: SINGLE (Groundball, 34D, EV 98.1 MPH)
|
Batting: RHB Roberto Cruz
|
0-0: Foul Ball, location: 2F 0-1: Ball 1-1: SINGLE (Groundball, 6D, EV 104.4 MPH) Jose Mata to second
|
Batting: RHB Ricardo Saucedo
|
0-0: Called Strike 0-1: SINGLE (Groundball, 6MS, EV 61.9 MPH) (infield hit) Jose Mata to third Roberto Cruz to second
|
Batting: LHB Velimir Sljivancanin
|
0-0: Called Strike 0-1: Foul Ball, location: 2F 0-2: Ball Wild Pitch! Jose Mata scores Roberto Cruz to third Ricardo Saucedo to second 1-2: Strikes out swinging
|
Pitching: LHP Mike Mathews
|
|
Batting: RHB Bogdan Sdobnyakov
|
0-0: Foul Ball, location: 2F 0-1: Ball 1-1: Ground out 5-3 (Groundball, 56S, EV 93.8 MPH)
|
Bottom of the 9th over - 1 run, 3 hits, 0 errors, 2 left on base; New Jersey 9 - Paris 5 |
|